 Dungeon Crawl Stone Soup version 0.27-a0-1206-g6342a01c75 (webtiles) character file.

Game seed: 5537748587185267695

355 Glokmah the Chopper (level 6, 0/84 HPs)
             Began as a Hill Orc Wanderer on June 5, 2021.
             Slain by Edmund
             ... wielding a +4 dire flail of protection
              (5 damage)
             ... on level 3 of the Dungeon.
             The game lasted 00:10:12 (4853 turns).

Glokmah the Chopper (Hill Orc Wanderer)             Turns: 4853, Time: 00:10:12

Health: 0/84       AC: 10    Str: 15    XL:     6   Next: 63%
Magic:  6/6        EV:  9    Int: 13    God:
Gold:   226        SH:  0    Dex: 11    Spells: 5/5 levels left

rFire    . . .     SeeInvis .   p - +2 short sword (venom)
rCold    . . .     Faith    .   (no shield)
rNeg     . . .     Spirit   .   m - +0 scale mail
rPois    .         Reflect  .   (no helmet)
rElec    .         Harm     .   l - +1 cloak
rCorr    .         Rampage  .   f - +0 pair of gloves
Will     .....                  (no boots)
Stlth    ..........             n - amulet of the acrobat
HPRegen  0.24/turn              (no ring)
MPRegen  0.10/turn              (no ring)

@: berserking, very quick
A: no striking features
a: no special abilities


You were on level 3 of the Dungeon.
You visited 1 branch of the dungeon, and saw 4 of its levels.

You collected 226 gold pieces.

Inventory:

Hand Weapons
 a - a +2 mace of protection
 b - a +2 vorpal hunting sling
 p - a +2 short sword of venom (weapon)
Missiles
 d - 138 stones
 i - 7 javelins (quivered)
Armour
 f - a +0 pair of gloves (worn)
 l - a +1 cloak (worn)
 m - a +0 scale mail (worn)
Jewellery
 n - an amulet of the acrobat (around neck)
Wands
 e - a wand of polymorph (6)
Scrolls
 c - 2 scrolls of teleportation
 h - a scroll of noise {unknown}
 k - a scroll of identify
Potions
 g - a potion of attraction
 j - a potion of lignification


   Skills:
 + Level 5.1 Fighting
 * Level 5.8(6.2) Axes
 * Level 2.4(3.9) Maces & Flails
 - Level 1.7 Throwing
 + Level 4.7 Armour


You had 5 spell levels left.
You didn't know any spells.
Your spell library was empty.

Dungeon Overview and Level Annotations

Branches:
Dungeon (4/15)
 Temple: D:4-7

Altars:
Cheibriados

Annotations:
D:3 Edmund


Message History

The stone hits Edmund but does no damage.
Edmund is severely wounded.
Fire: 142 stones
Press: ? - help, Q - select action, (/) - cycle Shift-Dir - straight line, f/p - Edmund
Aim: Edmund, wielding a +4 dire flail of protection and wearing a +0 ring mail (severely wounded, 64% to hit)
You shoot a stone.
The stone hits Edmund but does no damage.
Edmund is severely wounded.
Fire: 141 stones
Press: ? - help, Q - select action, (/) - cycle Shift-Dir - straight line, f/p - Edmund
Aim: Edmund, wielding a +4 dire flail of protection and wearing a +0 ring mail (severely wounded, 64% to hit)
You shoot a stone. The stone hits Edmund.
Edmund is severely wounded.
Fire: 140 stones
Press: ? - help, Q - select action, (/) - cycle Shift-Dir - straight line, f/p - Edmund
Aim: Edmund, wielding a +4 dire flail of protection and wearing a +0 ring mail (severely wounded, 64% to hit)
You shoot a stone.
The stone hits Edmund but does no damage.
Edmund is severely wounded.
Fire: 139 stones
Press: ? - help, Q - select action, (/) - cycle Shift-Dir - straight line, f/p - Edmund
Aim: Edmund, wielding a +4 dire flail of protection and wearing a +0 ring mail (severely wounded, 64% to hit)
You shoot a stone. The stone hits Edmund.
Edmund is almost dead.
Your +2 short sword of venom begins to drip with poison!
p - a +2 short sword of venom (weapon)
Edmund hits you but does no damage.
You hit Edmund but do no damage.
Edmund is poisoned.
Edmund is almost dead.
Edmund hits you with a +4 dire flail of protection!
* * * LOW HITPOINT WARNING * * *
You hit Edmund but do no damage.
Edmund is almost dead.
Edmund hits you with a +4 dire flail of protection!
* * * LOW HITPOINT WARNING * * *
It was a potion of berserk rage.
A red film seems to cover your vision as you go berserk!
You feel yourself moving faster!
You feel mighty!
Edmund hits you with a +4 dire flail of protection.
You die...

##### #...################
#........#.........#
#######....###.#.........#
......'....# #.+.........#
#######..^######.........#
..........((.......#'#####
###########..(...#.#.###########
..# #(..(@@#.#...........# #.#
#######)[....#.###########.#
#.###......)[#####.# #.#
#.##.....(..## #.###########.#
#.##.....(..# #.##..........#
#.##........######.##..........#
....................'(........>#
#.###....##........##.........##
#.###....##.#########.........#


You could see Edmund (very poisoned).

Vanquished Creatures
  A wight (D:3)
  A jelly (D:4)
  Crazy Yiuf (D:2)
  Jessica (D:2)
  3 orc wizards
  A hound zombie (D:4)
  3 adders
  A worm (D:4)
  A dart slug (D:3)
  12 orcs
  9 endoplasms
  5 giant cockroaches
  7 goblins
  3 hobgoblins
  9 jackals
  5 quokkas
  10 ball pythons
  8 bats
  4 frilled lizards
  A jackal skeleton (D:4)
  10 kobolds
  4 rats
100 creatures vanquished.

Vanquished Creatures (others)
  A demonic plant (D:2)
  7 fungi (D:2)
  2 plants (D:2)
  A withered plant (D:2)
11 creatures vanquished.

Grand Total: 111 creatures vanquished

Notes
Turn   | Place    | Note
-------+----------+-------------------------------------------
     0 | D:1      | Glokmah the Hill Orc Wanderer began the quest for the Orb.
     0 | D:1      | Glokmah set off with the following items: a +2 mace, 2
                  | potions of lignification, a +0 robe
     0 | D:1      | Reached XP level 1. HP: 19/19 MP: 1/1
     5 | D:1      | Found a snail-covered altar of Cheibriados.
   305 | D:1      | Reached XP level 2. HP: 27/27 MP: 2/2
   703 | D:1      | Reached XP level 3. HP: 33/33 MP: 3/3
  1127 | D:2      | Found a faded altar of an unknown god.
  1511 | D:2      | Reached XP level 4. HP: 39/40 MP: 4/4
  1545 | D:2      | Noticed Jessica
  1561 | D:2      | Killed Jessica
  2154 | D:2      | Found a runed translucent door.
  2155 | D:2      | Noticed Crazy Yiuf
  2174 | D:2      | Killed Crazy Yiuf
  2175 | D:2      | Reached XP level 5. HP: 10/47 MP: 5/5
  3078 | D:3      | Reached skill level 5 in Axes
  3404 | D:3      | Reached XP level 6. HP: 20/53 MP: 6/6
  4014 | D:4      | Noticed Edmund
  4075 | D:4      | Reached skill level 5 in Fighting
  4853 | D:3      | Slain by Edmund

Illustrated notes

Levels and vault maps discovered:
D:1:      sevenhm_arrival_forest_fort_small_6, layout_basic
D:2:      layout_basic, shapermc_ecumenical_altar_gd, minmay_pentomino_u2,
          uniq_jessica, uniq_crazy_yiuf_cottage
D:3:      layout_basic
D:4:      layout_cave_pools, st_stairs_11, uniq_edmund, uniq_pikel

Skill      XL: |  1  2  3  4  5  6 |
---------------+-------------------+-----
Axes           | 2 3 4 5 |  5.8
Fighting       | 4 5 |  5.1
Armour         | 4 |  4.7
Maces & Flails | 2 |  2.4
Throwing       | |  1.7

Action                   |  1- 3 |  4- 6 || total
-------------------------+-------+-------++-------
Melee: Mace              |   107 |   186 ||   293
       Short sword       |       |    14 ||    14
 Fire: Hunting sling     |     1 |    49 ||    50
Throw: Stone             |    29 |       ||    29
       Javelin           |       |     1 ||     1
  Use: Scroll            |       |     3 ||     3
       Potion            |       |     2 ||     2
Armor: Ring mail         |    63 |    88 ||   151
       Robe              |     2 |       ||     2
       Skin              |       |     5 ||     5
       Scale mail        |       |    30 ||    30
Dodge: Dodged            |    75 |   122 ||   197

Table legend: (Time is in decaauts)
 A = Elapsed time spent in this place.
 B = Non-inter-level travel time spent in this place.
 C = Inter-level travel time spent in this place.
 D = Time resting spent in this place.
 E = Time spent auto-exploring this place.
 F = Levels seen in this place.
 G = Mean time per level.
                   A        B        C        D        E       F      G
               +--------+--------+--------+--------+--------+-----+--------+
         Total |   4942 |   4501 |    441 |   1043 |   2015 |   4 | 1235.5 |
       Dungeon |   4942 |   4501 |    441 |   1043 |   2015 |   4 | 1235.5 |
               +--------+--------+--------+--------+--------+-----+--------+

Top non-repeatable levels by time:
     D:3: 1780 daAuts
     D:2: 1458 daAuts
     D:1: 1127 daAuts
     D:4: 577 daAuts
